 Dungeon Crawl Stone Soup version 0.18-a0-1045-g4e042de (webtiles) character file.

73 namelastname112 the Magician (level 4, 0/55 HPs)
             Began as a Draconian Wizard on Jan 12, 2016.
             Slain by a giant gecko (2 damage)
             ... on level 2 of the Dungeon.
             The game lasted 00:03:02 (1950 turns).

namelastname112 the Magician (Draconian Wizard)     Turns: 1950, Time: 00:03:02

Health: 0/55       AC: 22    Str:  9    XL:     4   Next: 8%
Magic:  3/8        EV:  2    Int: 18    God:
Gold:   62         SH:  0    Dex: 11    Spells: 1 memorised, 8 levels left

rFire  . . .     SeeInvis .     (no weapon)
rCold  . . .     Gourm    .     (armour unavailable)
rNeg   + + +     Faith    .     (no shield)
rPois  +         Spirit   .     (helmet currently unavailable)
rElec  .         Dismiss  .     (cloak currently unavailable)
rCorr  .         Reflect  .     (gloves currently unavailable)
SustAt .         Harm     .     (boots currently unavailable)
MR     .....     NoTele   +     (no amulet)
Stlth  ++........               (no ring)
                                (no ring)

@: tree-form (expiring), very slightly contaminated, not resistant to hostile
enchantments, unstealthy
A: unfitting armour, (cold-blooded), AC +5
a: no special abilities


You were on level 2 of the Dungeon.
You were hungry.
You were a tree.
You visited 1 branch of the dungeon, and saw 2 of its levels.

You collected 62 gold pieces.

Inventory:

Hand Weapons
 d - a +0 dagger
Armour
 a - a +0 hat (melded)
Jewellery
 l - a +4 ring of protection {unknown}
Scrolls
 e - a scroll of blinking {unknown}
 f - a scroll of magic mapping {unknown}
 h - a scroll of random uselessness {unknown}
 i - a scroll of teleportation {unknown}
 m - a scroll of noise {unknown}
 o - a scroll of remove curse {unknown}
 q - a scroll of recharging {unknown}
Potions
 j - a potion of resistance {unknown}
 k - a potion of agility {unknown}
 p - a potion of curing {unknown}
Books
 b - a book of Minor Magic

   Spells                             Type                      Level
   a - Magic Dart                     Conjuration                  1
   b - Blink                          Translocation                2
   c - Call Imp                       Summoning                    2
   d - Repel Missiles                 Charms/Air                   2
   e - Slow                           Hexes                        2
   f - Conjure Flame                  Conjuration/Fire             3
   g - Mephitic Cloud                 Conjuration/Poison/Air       3
Comestibles
 c - 2 bread rations
 n - 2 meat rations


   Skills:
 + Level 2.9 Fighting
 + Level 3.0 Dodging
 - Level 1.7 Stealth
 - Level 3.0 Spellcasting
 - Level 1.0 Conjurations
   Level 1.0 Summonings
   Level 1.0 Translocations


You had 8 spell levels left.
You knew the following spells:

 Your Spells              Type           Power        Failure   Level  Hunger
z - Magic Dart            Conj           #...         12%         1    None


Dungeon Overview and Level Annotations

Branches:
Dungeon (2/15)

Altars:


Innate Abilities, Weirdness & Mutations

((Your plain brown scales are hard (AC +5).))
Your body does not fit into most forms of armour.
((You are cold-blooded and may be slowed by cold attacks.))


Message History

Okay, then.
Wield which item (- for none, * to show all)? (? for menu, Esc to quit)
You are now empty-handed.
The giant gecko bites you but does no damage.
Really attack barehanded? [Y]es or [N]o only, please.
Really attack barehanded?
You barely miss the giant gecko.
The giant gecko bites you but does no damage.
You closely miss the giant gecko. The giant gecko bites you.
* * * LOW HITPOINT WARNING * * *
You barely miss the giant gecko.
* * * LOW HITPOINT WARNING * * *
You feel sick.
You are no longer poisoned.
The giant gecko bites you but does no damage.
You barely miss the giant gecko.
The giant gecko bites you but does no damage. x2
You barely miss the giant gecko. The giant gecko bites you.
You die...

###..<.. ##.. ... ...
..# # #.# ?.#.###
##.##.......
#.....S.....
#..##.##.###
..##.#####..##.##.#
......l♣†...##.##.#####.
.#.#.#####.###...<......
#...#...........
#.........#####.
#...#.....# ######...##
##.## #.# #.#


You could see a giant gecko.

Vanquished Creatures
  3 adders (D:2)
  A worm (D:2)
  4 giant geckos (D:1)
  6 bats
  3 giant cockroaches
  A goblin (D:1)
  5 hobgoblins
  4 jackals (D:1)
  A quokka (D:1)
  2 ball pythons (D:1)
  2 giant newts (D:1)
  3 kobolds
  4 rats (D:1)
39 creatures vanquished.

Notes
Turn   | Place    | Note
--------------------------------------------------------------
     0 | D:1      | namelastname112 the Draconian Wizard began the quest for the Orb.
     0 | D:1      | Reached XP level 1. HP: 14/14 MP: 4/4
   177 | D:1      | Reached skill level 1 in Fighting
   413 | D:1      | Reached XP level 2. HP: 11/23 MP: 0/6
   952 | D:1      | Reached XP level 3. HP: 21/29 MP: 7/7
  1932 | D:2      | Reached XP level 4. HP: 4/37 MP: 1/8
  1947 | D:2      | HP: 2/55 [giant gecko (1)]
  1950 | D:2      | Slain by a giant gecko

Vault maps used:
D:1:      nicolae_arrival_washed_ashore
D:2:      corexii_shack

Action                   |  1- 3 |  4- 6 || total
-------------------------+-------+-------++-------
Melee: Dagger            |   203 |     2 ||   205
       Unarmed           |       |     5 ||     5
 Cast: Magic Dart        |    42 |       ||    42
  Use: Potion            |     1 |       ||     1
 Stab: Sleeping          |     2 |       ||     2
  Eat: Chunk             |     3 |       ||     3
